 Dungeon Crawl Stone Soup version 0.31.0-11-ge490571c62 (webtiles) character file.

Game seed: 15631306752197741584

155 qw the Skirmisher (level 5, -4/29 HPs)
             Began as a Deep Elf Hunter on Feb 4, 2024.
             Killed from afar by Natasha (6 damage)
             ... with a magic dart
             ... on level 3 of the Dungeon.
             The game lasted 00:00:37 (1886 turns).

qw the Skirmisher (Deep Elf Hunter)                 Turns: 1886, Time: 00:00:37

Health: -4/29      AC:  6    Str: 10    XL:     5   Next: 14%
Magic:  7/7        EV:  9    Int: 14    God:
Gold:   106        SH:  0    Dex: 18    Spells: 4/4 levels left

rFire   . . .        a - +3 shortbow
rCold   . . .        (shield currently unavailable)
rNeg    . . .        f - +0 scale mail
rPois   .            (no helmet)
rElec   .            (no cloak)
rCorr   .            (no gloves)
SInv    .            (no boots)
Will    .....        (no amulet)
Stlth   +            (no ring)
HPRegen 0.24/turn    (no ring)
MPRegen 0.10/turn

%: no passive effects
@: no status effects
A: no striking features
a: no special abilities


You were on level 3 of the Dungeon.
You visited 1 branch of the dungeon, and saw 3 of its levels.

You collected 106 gold pieces.


   Skills:
 - Level 1.5 Fighting
 + Level 8.6 Ranged Weapons
 - Level 2.4 Dodging
 - Level 1.2 Stealth


You had 4 spell levels left.
You didn't know any spells.
Your spell library was empty.

Inventory:

Hand Weapons
 a - a +3 shortbow (weapon)
Armour
 f - a +0 scale mail (worn)
Potions
 b - a potion of magic {unknown}
 c - a potion of heal wounds {unknown}
 g - a potion of mutation

Dungeon Overview and Level Annotations

Branches:
Dungeon (3/15)

Altars:
Sif Muna

Shops:
D:2 :

Annotations:
D:3 Natasha


Message History

The bat hits you but does no damage. x2
A kobold comes into view. It is wielding a +0 short sword.
Natasha claws you. The cerulean imp barely misses you.
The bat hits you but does no damage.
The kobold moves out of view.
You shoot an arrow. The arrow hits the cerulean imp.
The cerulean imp is heavily wounded.
The bat hits you but does no damage. Natasha claws you.
The cerulean imp hits you but does no damage.
You shoot an arrow.
The arrow barely misses the cerulean imp.
The bat closely misses you.
Natasha hisses.
Natasha claws you. The cerulean imp barely misses you.
The bat closely misses you.
You shoot an arrow.
The arrow closely misses the cerulean imp.
The bat hits you but does no damage. Natasha completely misses you.
The cerulean imp completely misses you.
The cerulean imp hits you but does no damage.
Natasha casts a spell at you. The magic dart hits you!
You shoot an arrow. The arrow hits the cerulean imp.
The cerulean imp is severely wounded.
The bat hits you but does no damage. Natasha claws you but does no damage.
The cerulean imp hits you with a +2 spear.
You shoot an arrow. The arrow hits the cerulean imp.
The cerulean imp is severely wounded.
The bat hits you. Natasha barely misses you. The cerulean imp misses you.
You shoot an arrow. The arrow hits the cerulean imp.
You kill the cerulean imp!
The cerulean imp disappears in a puff of smoke!
The bat barely misses you. Natasha casts a spell at you.
You resist with some effort. Natasha claws you.
You shoot an arrow. The arrow barely misses Natasha.
The bat closely misses you. The bat hits you but does no damage.
Natasha casts a spell at you. The magic dart hits you.
You die...
Natasha curls up and begins to purr.

...............77.
..#.........#.....
..................
##+##................
... #..%.......h....
#..#...............
#$#.#b..............
#..h...............
#.#..#
#@¤......#......
......# #.....####
#s... #.....##
##¤¤...# ...
###......##+##......#
.
#..(...............<#
#...................#
#..................)#
##........#..........#
#..........#.........#


You could see Natasha and a bat.

Vanquished Creatures
  A scorpion (D:2)
  Natasha (D:3)
  2 adders (D:2)
  2 ribbon worms (D:2)
  A ball python (D:1)
  5 bats
  6 endoplasms
  A giant cockroach (D:1)
  3 hobgoblins
  7 jackals (D:1)
  3 quokkas
  3 frilled lizards
  3 kobolds
  9 rats
47 creatures vanquished.

Notes
Turn   | Place    | Note
-------+----------+-------------------------------------------
     0 | D:1      | qw the Deep Elf Hunter began the quest for the Orb.
     0 | D:1      | Reached XP level 1. HP: 12/12 MP: 3/3
     0 | D:1      | 0 ||| qw: Version: 0.3-a-160-g5e54788
     0 | D:1      | 0 ||| qw: Game counter: 4301
     0 | D:1      | 0 ||| qw: Melee chars always use a shield: true
     0 | D:1      | 0 ||| qw: God list: Okawaru
     0 | D:1      | 0 ||| qw: Allow faded altars: false
     0 | D:1      | 0 ||| qw: Do Orc after clearing Dungeon:15 true
     0 | D:1      | 0 ||| qw: Do second Lair branch before Depths: true
     0 | D:1      | 0 ||| qw: Lair rune preference: random
     0 | D:1      | 0 ||| qw: Goals: Normal
     0 | D:1      | 0 ||| PLANNING D:1-11
   135 | D:1      | Reached XP level 2. HP: 16/16 MP: 4/4
   137 | D:1      | Reached skill level 6 in Ranged Weapons
   654 | D:1      | Reached XP level 3. HP: 19/20 MP: 5/5
   881 | D:1      | 881 ||| READING scroll labelled ILYUNTEUVI.
   881 | D:1      | 881 ||| IDENTIFYING sedimented grey potion
   882 | D:1      | 882 ||| READING 2 scrolls labelled BUMEGYNENK.
   883 | D:1      | 883 ||| READING scroll labelled FENNIRR SUXU.
   921 | D:1      | 921 ||| DROPPING scroll of butterflies.
   922 | D:1      | 922 ||| DROPPING scroll of blinking.
  1125 | D:2      | Reached skill level 7 in Ranged Weapons
  1159 | D:2      | Found Nasek's Book Emporium.
  1561 | D:2      | 1561 ||| UPGRADING to +0 scale mail.
  1571 | D:2      | 1571 ||| DROPPING +0 leather armour.
  1572 | D:2      | 1572 ||| READING scroll of identify.
  1572 | D:2      | 1572 ||| IDENTIFYING red potion
  1573 | D:2      | 1573 ||| READING scroll labelled GILUTH GUBI.
  1574 | D:2      | 1574 ||| READING 3 scrolls labelled MIH YMIGEEV.
  1574 | D:2      | 1574 ||| ENCHANTING +0 shortbow.
  1575 | D:2      | 1575 ||| READING 2 scrolls of enchant weapon.
  1575 | D:2      | 1575 ||| ENCHANTING +1 shortbow.
  1576 | D:2      | 1576 ||| READING scroll of enchant weapon.
  1576 | D:2      | 1576 ||| ENCHANTING +2 shortbow.
  1577 | D:2      | 1577 ||| DROPPING potion of attraction.
  1637 | D:3      | Found a shimmering blue altar of Sif Muna.
  1696 | D:3      | Reached XP level 4. HP: 25/25 MP: 6/6
  1708 | D:3      | Noticed Natasha
  1708 | D:3      | Noticed a scorpion
  1710 | D:3      | 1710 ||| FLEEEEING.
  1711 | D:3      | 1711 ||| FLEEEEING.
  1712 | D:3      | 1712 ||| FLEEEEING.
  1713 | D:3      | 1713 ||| FLEEEEING.
  1714 | D:3      | 1714 ||| FLEEEEING.
  1715 | D:3      | 1715 ||| FLEEEEING.
  1716 | D:3      | 1716 ||| STAIRDANCE
  1771 | D:3      | 1771 ||| STAIRDANCE
  1777 | D:2      | Killed a scorpion
  1778 | D:2      | Reached skill level 8 in Ranged Weapons
  1779 | D:2      | HP: 6/25 [poisoned by a scorpion]
  1868 | D:3      | Killed Natasha
  1869 | D:3      | Reached XP level 5. HP: 29/29 MP: 7/7
  1878 | D:3      | Noticed Natasha
  1883 | D:3      | HP: 6/29 [cerulean imp/+2 spear[Natasha] (2)]
  1885 | D:3      | HP: 2/29 [Natasha (4)]
  1886 | D:3      | Killed from afar by Natasha

Levels and vault maps discovered:
D:1:      lightli_arrival_statuegarden, layout_loops_corners
D:2:      layout_basic, serial_shops, shop
D:3:      layout_rooms, mainiacjoe_overflow_alcove_1, lemuel_doored_altar,
          mainiacjoe_overflow_24_doors, serial_bayou, serial_bayou_pond_e,
          serial_bayou_crossing, serial_bayou_shore_b, serial_bayou_pond_e,
          minmay_box_of_dots, uniq_natasha

Skill      XL: |  1  2  3  4 |
---------------+-------------+-----
Ranged Weapons | 6 7 8 |  8.6
Fighting       | |  1.5
Dodging        | |  2.4
Stealth        | |  1.2

Action                     |  1- 3 |  4- 6 || total
---------------------------+-------+-------++-------
   Fire: Shortbow          |   104 |    22 ||   126
    Use: Scroll            |     8 |       ||     8
 Armour: Leather armour    |     9 |       ||     9
         Scale mail        |     1 |    31 ||    32
  Dodge: Dodged            |    24 |    17 ||    41

Table legend:
 A = Non-vault XP
 B = Vault XP
 C = Vault XP percentage of total XP
 D = Non-vault monster count
 E = Vault monster count
 F = Vault count percentage of total count
                 A         B        C        D         E       F
            +---------+---------+-------+---------+---------+-------
      Total |     184 |      38 |  17.1 |      44 |       3 |   6.4
            +---------+---------+-------+---------+---------+-------
        D:1 |      43 |       0 |   0.0 |      26 |       0 |   0.0
        D:2 |     136 |       0 |   0.0 |      14 |       0 |   0.0
        D:3 |       5 |      38 |  88.4 |       4 |       3 |  42.9
            +---------+---------+-------+---------+---------+-------
